 Dungeon Crawl Stone Soup version 0.28.0 (webtiles) character file.

Game seed: 15398896361023859205

10280 trckry the Summoner (level 11, -2/83 HPs)
             Began as a Barachi Summoner on Feb 14, 2022.
             Slain by a vampire (11 damage)
             ... on level 9 of the Dungeon.
             The game lasted 01:05:13 (12546 turns).

trckry the Summoner (Barachi Summoner)             Turns: 12546, Time: 01:05:14

Health: -2/83      AC:  4    Str: 10    XL:     11   Next: 59%
Magic:  15/22      EV: 14    Int: 21    God:
Gold:   576        SH:  0    Dex: 13    Spells: 16/25 levels left

rFire   . . .      SeeInvis +   k - +6 shillelagh "Devastator" {shatter}
rCold   . . .      Faith    .   (no shield)
rNeg    . . .      Spirit   .   a - +0 robe
rPois   +          Reflect  .   w - +0 hat
rElec   .          Harm     .   (no cloak)
rCorr   .          Rampage  .   H - +1 pair of gloves
Will    .....                   (no boots)
Stlth   ++........              (no amulet)
HPRegen 0.23/turn               n - +4 ring of slaying
MPRegen 0.18/turn               o - ring of poison resistance

@: unable to hop, slow
A: amphibious, slowness 1, strong legs 1, +LOS, antennae 1, see invisible,
clever 1
a: Hop


You were on level 9 of the Dungeon.
You visited 2 branches of the dungeon, and saw 10 of its levels.
You also visited: Ossuary and Bailey.

You collected 576 gold pieces.

Inventory:

Hand Weapons
 k - the +6 shillelagh "Devastator" (weapon) {shatter}
   (You found it on level 3 of the Dungeon)

   It releases a powerful concussive burst when it strikes, dealing extra damage
   to the target and all other foes adjacent to them.
 A - a +2 whip of venom
Missiles
 b - 22 poisoned darts
 d - 243 stones
 i - 2 throwing nets (quivered)
 q - 2 boomerangs of dispersal
Armour
 a - a +0 robe (worn)
 w - a +0 hat (worn)
 H - a +1 pair of gloves (worn)
Jewellery
 n - a +4 ring of slaying (left hand)
 o - a ring of poison resistance (right hand)
Wands
 y - a wand of paralysis (6)
 C - a wand of flame (21)
 D - a wand of acid (11)
Scrolls
 e - a scroll of enchant weapon
 f - 3 scrolls of teleportation
 h - 3 scrolls of identify
 l - a scroll of immolation
 s - a scroll of summoning {unknown}
 v - a scroll of fog {unknown}
 x - a scroll of amnesia
Potions
 c - a potion of flight
 g - a potion of mutation
 j - 2 potions of lignification
 m - 5 potions of might
 p - a potion of experience
 r - 2 potions of haste
 t - a potion of invisibility {unknown}
 u - 3 potions of curing
 z - 5 potions of brilliance
 B - a potion of resistance
 E - a potion of attraction


   Skills:
 + Level 6.5 Fighting
 + Level 5.8 Maces & Flails
 + Level 6.6 Armour
 + Level 6.3 Dodging
 - Level 2.0 Stealth
 + Level 7.6 Spellcasting
 - Level 12.9 Summonings
 + Level 7.2 Air Magic


You had 16 spell levels left.
You knew the following spells:

 Your Spells              Type           Power      Damage    Failure   Level
b - Call Imp              Summ           58%        N/A       1%          2
c - Call Canine Familiar  Summ           58%        N/A       1%          3
d - Summon Lightning Spi  Summ/Air       50%        N/A       1%          4

Your spell library contained the following spells:

 Spells                   Type           Power      Damage    Failure   Level
 Summon Small Mammal      Summ           100%       N/A       1%          1
 Summon Guardian Golem    Hex/Summ       35%        N/A       1%          3
 Corpse Rot               Necr/Air       46%        N/A       2%          2
 Poisonous Vapours        Pois/Air       46%        N/A       2%          2
 Animate Skeleton         Necr           16%        N/A       9%          1
 Foxfire                  Conj/Fire      32%        2x1d5     9%          1
 Pain                     Necr           32%        1d5       9%          1
 Conjure Flame            Conj/Fire      8%         6-21      24%         3
 Inner Flame              Hex/Fire       8%         N/A       24%         3
 Vampiric Draining        Necr           8%         2d6       24%         3
 Flame Wave               Conj/Fire      8%         2d5       63%         4


Dungeon Overview and Level Annotations

Branches:
Dungeon (9/15)             Temple (1/1) D:7         Ossuary (visited)
 Bailey (visited)
   Lair: D:8-11         Orc: D:9-12

Altars:
Cheibriados
Dithmenos
Elyvilon
Fedhas
Gozag
Hepliaklqana
Kikubaaqudgha
Makhleb
Nemelex Xobeh
Okawaru
Qazlal
Sif Muna
Trog
Uskayaw
Vehumet
Wu Jian
Xom
Zin


Innate Abilities, Weirdness & Mutations

You are amphibious.
You cover ground slowly.
You can hop short distances.
You have an extended range of vision and can be seen from far away.
You have a pair of small antennae on your head.
You have supernaturally acute eyesight. (SInv)
Your mind is acute. (Int +2)


Message History

Okay, then.
You feel much better. The meliai hits you with a +0 hand axe!
* * * LOW HITPOINT WARNING * * *
The meliai hits your wolf with a +0 hand axe!
The meliai completely misses you.
Your wolf misses the meliai. The vampire hits your wolf!
Your wolf dies!
Your wolf's corpse disappears in a puff of smoke!
The meliai invokes the aid of its god against you.
Something smites you!
* * * LOW HITPOINT WARNING * * *
Okay, then.
Aiming: Corrosive Bolt
Press: ? - help, Shift-Dir - straight line, f - vampire
Aim: a vampire (slightly transparent, 71% to hit)
The bolt of acid hits the meliai!
The acid corrodes the meliai!
You kill the meliai!
The bolt of acid hits the vampire!
The acid corrodes the vampire!
The vampire is moderately damaged.
Okay, then.
You feel better. The killer bee completely misses you.
The killer bee stings you.
* * * LOW HITPOINT WARNING * * *
Okay, then.
Aiming: Paralyse
Press: ? - help, Shift-Dir - straight line, f/p - vampire
Aim: a vampire (moderately damaged, slightly transparent, covered in acid, chance to affect: 31%)
Okay, then.
Aiming: Corrosive Bolt
Press: ? - help, Shift-Dir - straight line, f/p - vampire
Aim: a vampire (moderately damaged, slightly transparent, covered in acid, 71% to hit)
Okay, then.
Okay, then.
Casting: Call Canine Familiar (safe; 1% risk of failure)
Confirm with . or Enter, or press ? or * to list all spells.
Okay, then.
You feel better. The killer bee closely misses you.
The killer bee barely misses you. The vampire barely misses you.
The vampire bites you!
You die...

♣.. #..."#....#.#.#
yy.#.#..#....#.#.#
#y....#....#.#.#
##..##........#
#..†yVy.#.#...#
#...###8#.#...######
#.......#.#.#......#
#.#.##..#V#.#.####.#
#...#.#+##...y@...#
#.#
.#.#.........###...#
#.#
...................#
#.#
...................#
#.#
..............###.##
#.# ..............#
#.# #.#
..............# #.#
#.# ..............#
#.#####.#
..............#
#.......#


You could see a vampire (invisible, corroded) and a killer bee.

Vanquished Creatures
  A meliai (D:9)
  Sigmund (D:4)
  A water moccasin (D:5)
  An ice beast (D:5)
  2 orc warriors (Bailey)
  A sky beast (D:5)
  A black bear (D:4)
  A kobold brigand (D:7)
  A bullfrog (D:7)
  A scorpion (D:6)
  2 water moccasin zombies (Ossuary)
  A wyvern skeleton (D:6)
  A water moccasin skeleton (D:4)
  3 killer bees (D:8)
  3 wights (D:8)
  2 vampire bats (D:8)
  3 centaur zombies
  2 orc priests
  3 hounds
  6 iguanas
  4 orc wizards
  A killer bee zombie (D:6)
  A hound zombie (D:5)
  2 mummies (Ossuary)
  4 adders
  2 adder zombies (Ossuary)
  A dart slug (D:4)
  24 orcs
  2 bat skeletons (D:8)
  4 bat zombies (D:8)
  An endoplasm (D:4)
  2 giant cockroaches (D:4)
  4 gnoll zombies (Ossuary)
  7 goblins
  2 hobgoblins (Bailey)
  9 kobolds
  A frilled lizard (D:3)
  3 hobgoblin zombies (Ossuary)
  9 kobold zombies (Ossuary)
  6 orc zombies (Ossuary)
  A rat (D:3)
127 creatures vanquished.

Vanquished Creatures (collateral kills)
  An orc warlord (Bailey)
  Harold (D:7)
  5 orc knights (Bailey)
  A troll (D:8)
  Prince Ribbit (D:6)
  A hornet (D:7)
  Menkaure (D:6)
  A steam dragon (D:7)
  A vampire mosquito (D:9)
  A water moccasin (D:8)
  An acid dragon (D:8)
  6 orc warriors
  3 black bears
  A centaur (D:8)
  4 ogres
  3 kobold brigands (D:8)
  A bullfrog (D:7)
  A gnoll sergeant (D:6)
  2 scorpions
  A wyvern zombie (D:6)
  A jelly (D:6)
  3 killer bees
  7 wights
  A bullfrog zombie (D:6)
  2 centaur zombies
  A centaur skeleton (D:7)
  3 hounds (D:6)
  4 orc priests
  A bullfrog skeleton (D:6)
  An iguana (D:6)
  4 orc wizards
  A hound zombie (D:5)
  A hound skeleton (D:5)
  2 adders
  13 gnolls
  2 shadow imps (D:6)
  4 white imps
  2 ufetubi
  A worm (D:2)
  2 dart slugs
  28 orcs
  10 ball pythons
  2 bats (D:1)
  6 endoplasms
  6 giant cockroaches
  14 goblins
  13 hobgoblins
  5 quokkas
  2 frilled lizards (D:1)
  19 kobolds
  4 rats (D:1)
202 creatures vanquished.

Vanquished Creatures (others)
  14 plants (D:2)
14 creatures vanquished.

Grand Total: 343 creatures vanquished

Notes
Turn   | Place    | Note
-------+----------+-------------------------------------------
     0 | D:1      | trckry the Barachi Summoner began the quest for the Orb.
     0 | D:1      | Reached XP level 1. HP: 13/13 MP: 3/3
    62 | D:1      | Reached skill level 5 in Summonings
   138 | D:1      | Reached XP level 2. HP: 18/19 MP: 1/5
   141 | D:1      | Learned a level 2 spell: Call Imp
   842 | D:1      | Reached XP level 3. HP: 22/24 MP: 3/6
  1370 | D:2      | Learned a level 3 spell: Call Canine Familiar
  1847 | D:2      | Reached skill level 6 in Summonings
  2010 | D:2      | Reached XP level 4. HP: 30/30 MP: 6/8
  2714 | D:3      | Reached XP level 5. HP: 33/35 MP: 6/10
  3010 | D:3      | Reached skill level 7 in Summonings
  3032 | D:3      | HP: 2/35 [orc (5)]
  3034 | D:3      | Gained mutation: You have supernaturally acute eyesight.
                  | (SInv) [potion of mutation]
  3034 | D:3      | Gained mutation: You have hidden genetic potential. [potion
                  | of mutation]
  3334 | D:3      | Learned a level 4 spell: Summon Lightning Spire
  3392 | D:3      | Found a burning altar of Makhleb.
  3392 | D:3      | Found the +6 shillelagh "Devastator" {shatter}
  3459 | D:3      | Found a shadowy altar of Dithmenos.
  3642 | D:3      | Found a white marble altar of Elyvilon.
  4085 | D:4      | Noticed a black bear
  4095 | D:4      | Noticed Sigmund
  4096 | D:4      | Killed a black bear
  4097 | D:4      | Reached skill level 1 in Air Magic
  4097 | D:4      | Reached XP level 6. HP: 38/41 MP: 4/12
  4111 | D:4      | Gained mutation: You have a pair of small antennae on your
                  | head. [hidden potential]
  4131 | D:4      | Killed Sigmund
  4132 | D:4      | Reached skill level 8 in Summonings
  4132 | D:4      | Reached XP level 7. HP: 16/46 MP: 2/13
  4132 | D:4      | Gained mutation: Your mind is acute. (Int +2) [hidden
                  | potential]
  4132 | D:4      | Lost mutation: You have hidden genetic potential. [hidden
                  | potential expressed]
  4849 | D:4      | Reached skill level 9 in Summonings
  4890 | D:4      | Reached skill level 5 in Spellcasting
  4923 | D:4      | Reached XP level 8. HP: 52/52 MP: 15/15
  5250 | D:5      | Entered Level 5 of the Dungeon
  5474 | D:5      | Reached skill level 1 in Fighting
  5474 | D:5      | Reached skill level 1 in Armour
  5640 | D:5      | Reached skill level 1 in Maces & Flails
  5650 | D:5      | Found a shimmering altar of Xom.
  5869 | D:5      | Reached skill level 10 in Summonings
  6321 | D:6      | Reached XP level 9. HP: 62/62 MP: 14/17
  6392 | D:6      | Noticed Menkaure
  6400 | D:6      | Killed Menkaure
  7015 | D:6      | Reached skill level 5 in Air Magic
  7475 | D:6      | Found an iron altar of Okawaru.
  7971 | D:6      | Reached skill level 11 in Summonings
  8075 | D:6      | Found a shimmering blue altar of Sif Muna.
  8150 | D:6      | Noticed Prince Ribbit
  8168 | D:6      | Killed Prince Ribbit
  8343 | D:7      | Noticed Harold
  8362 | D:7      | Killed Harold
  8363 | D:7      | Reached XP level 10. HP: 44/73 MP: 13/19
  8481 | D:7      | Found a staircase to the Ecumenical Temple.
  8543 | D:7      | Found a sand-covered staircase.
  8547 | Ossuary  | Entered an ossuary
  9506 | Temple   | Entered the Ecumenical Temple
  9725 | D:8      | Reached skill level 5 in Dodging
  9772 | D:8      | Reached skill level 5 in Armour
  9772 | D:8      | Reached skill level 12 in Summonings
  9778 | D:8      | Reached skill level 5 in Fighting
  9817 | D:8      | Found a flagged portal.
  9932 | Bailey   | Entered a bailey
 10213 | Bailey   | Noticed an orc knight
 10228 | Bailey   | Killed an orc knight
 10292 | Bailey   | Noticed an orc knight
 10306 | Bailey   | Killed an orc knight
 10499 | Bailey   | Noticed an orc knight
 10518 | Bailey   | Reached XP level 11. HP: 55/80 MP: 5/21
 10521 | Bailey   | Killed an orc knight
 10522 | Bailey   | Reached skill level 5 in Maces & Flails
 10649 | Bailey   | Noticed an orc warlord
 10649 | Bailey   | Noticed an orc knight
 10649 | Bailey   | Noticed an orc knight
 10687 | Bailey   | Killed an orc warlord
 10726 | Bailey   | Killed an orc knight
 10747 | Bailey   | Killed an orc knight
 12248 | D:8      | Found an ancient bone altar of Kikubaaqudgha.
 12542 | D:9      | HP: 1/83 [meliai/divine providence (12)]
 12546 | D:9      | Slain by a vampire

Illustrated notes

Levels and vault maps discovered:
D:1:      roderic_chinese_lattice_arrival, layout_basic, roderic_lattice_a
D:2:      layout_basic, serial_bayou, serial_bayou_crossing,
          serial_bayou_lagoon_a, serial_bayou_lake_a, serial_bayou_pond_e,
          kennysheep_generic_room_13
D:3:      layout_loops_ring, lemuel_tele_altar, bloody_makhleb,
          nicolae_dithmenos_the_darkroom, st_stairs_7
D:4:      layout_rooms, minivault_23, uniq_sigmund
D:5:      layout_gridville, mainiacjoe_overflow_paths, grunt_decor_mini_mirrors
D:6:      minmay_razor_zed, layout_gridville, lemuel_crystal_altar,
          pf_just_have_faith, minmay_chambers_of_fives, uniq_menkaure,
          uniq_prince_ribbit1
D:7:      layout_cave_pods, temple_statues, enter_ossuary_5,
          serial_column_ruins, column_ruins_pillar_6, column_ruins_pillar_3,
          column_ruins_pillar_6, column_ruins_pillar_1, column_ruins_pillar_2,
          column_ruins_pillar_1, column_ruins_pillar_6, column_ruins_pillar_1,
          column_ruins_pillar_4, column_ruins_pillar_1, column_ruins_pillar_7,
          column_ruins_pillar_7, column_ruins_pillar_1, column_ruins_pillar_2,
          uniq_harold
D:8:      layout_cave_pools, kennysheep_vampire_church, enter_bailey_3,
          hangedman_decor_points, nicolae_wwwww, minmay_misc_feat_tower
D:9:      minmay_bloctagon_deflated, layout_basic, old_standard_altar
Temple:   jpeg_temple_clearing

Skill      XL: |  1  2  3  4  5  6  7  8  9 10 11 |
---------------+----------------------------------+-----
Summonings     | 5 6 7 8 9 10 11 12 | 12.9
Stealth        | 2 |  2.0
Spellcasting   | 3 4 5 6 7 |  7.6
Air Magic      | 1 2 3 4 5 6 7 |  7.2
Fighting       | 2 4 5 6 |  6.5
Armour         | 2 4 5 6 |  6.6
Maces & Flails | 2 3 4 5 |  5.8
Dodging        | 3 4 5 6 |  6.3

Action                   |  1- 3 |  4- 6 |  7- 9 | 10-12 || total
-------------------------+-------+-------+-------+-------++-------
Melee: Shillelagh        |       |    13 |    88 |    98 ||   199
       Hand axe          |       |     4 |       |       ||     4
Throw: Throwing net      |       |       |       |     3 ||     3
 Cast: Summon Small Mamm |    43 |     6 |       |       ||    49
       Call Imp          |    18 |    10 |     4 |     1 ||    33
       Call Canine Famil |       |    12 |    22 |    26 ||    60
       Summon Lightning  |       |     1 |    15 |    29 ||    45
 Abil: Hop               |     1 |     2 |     3 |     7 ||    13
Evoke: Wand              |       |       |       |     1 ||     1
  Use: Potion            |       |     2 |       |    10 ||    12
       Scroll            |       |       |       |    18 ||    18
 Stab: Sleeping          |       |     1 |     1 |     5 ||     7
Armor: Robe              |     9 |     9 |    17 |    35 ||    70
Dodge: Dodged            |    45 |    44 |    87 |   141 ||   317
